Map: Sanctuary III LE

Players

HeroMarine - Winner!

  • Race: Terran Terran
  • Spawn Location: 1:00

HolyHit

  • Race: Protoss Protoss
  • League: Grandmaster
  • Spawn Location: 7:00

Event: HomeStory Cup XXIX

VOD

Have the link to the VOD?

Description

Time

  • Played on: July 3, 2026, 8:07 a.m.
  • Length: 9:27

All games in this series

Show
View Real Time Build Order
Export as new Build Order

HeroMarine Terran - Winner!

Build Orders: Reaper Expand 

Get SALT Encoding   

  8  0:00  SCV  
  9  0:12  SCV  
  10  0:24  SCV  
  11  0:28  Supply Depot  
  11  0:36  SCV  
  12  0:48  SCV  
  13  0:55  Barracks  
  13  1:01  Refinery  
  13  1:07  SCV  
  14  1:19  SCV  
  15  1:31  SCV  
  16  1:43  Orbital Command  
  16  1:44  Reaper  
  17  2:09  Command Center  
  17  2:13  SCV  
  18  2:18  Marine  
  19  2:25  SCV  
  19  2:28  Supply Depot  
  20  2:37  SCV  
  20  2:40  Factory  
  20  2:43  Barracks Reactor  
  21  2:50  SCV  
  22  2:57  Refinery  
  22  3:02  SCV  
  23  3:14  SCV  
  24  3:24  Factory Tech Lab, Barracks, Orbital Command  
  24  3:26  Marine, SCV  
  25  3:28  Marine  
  26  3:38  SCV  
  27  3:42  Cyclone  
  27  3:44  Orbital Command, Marine  
  27  3:45  Marine  
  32  3:50  SCV  
  32  3:53  Supply Depot  
  33  4:02  Marine  
  33  4:03  SCV, Marine  
  36  4:10  SCV  
  36  4:14  Siege Tank  
  36  4:15  Barracks Tech Lab, SCV  
  41  4:19  Barracks  
  41  4:22  SCV  
  42  4:27  SCV  
  43  4:34  Stimpack, Supply Depot  
  43  4:35  SCV  
  44  4:39  SCV  
  45  4:46  Siege Tank  
  45  4:47  SCV  
  45  4:51  SCV  
  50  4:52  Engineering Bay  
  50  4:59  SCV  
  51  5:02  Supply Depot  
  51  5:03  SCV  
  52  5:11  SCV  
  52  5:13  Marine x2  
  52  5:14  Marine  
  56  5:15  SCV, Supply Depot  
  56  5:19  Terran Infantry Weapons Level 1  
  57  5:23  SCV  
  57  5:27  SCV  
  59  5:30  Starport  
  59  5:31  Marine  
  59  5:34  Missile Turret  
  61  5:35  SCV  
  61  5:39  SCV  
  61  5:42  Marauder x2  
  66  5:43  Factory Reactor  
  66  5:45  Refinery  
  66  5:47  SCV  
  67  5:51  SCV  
  67  5:52  Supply Depot  
  68  5:58  Marine x2  
  68  5:59  SCV  
  68  6:03  Marauder, SCV  
  74  6:09  Marauder  
  72  6:12  SCV  
  72  6:14  Refinery  
  72  6:15  Supply Depot  
  72  6:16  SCV, Combat Shield  
  74  6:19  Marine x2  
  74  6:23  Supply Depot  
  74  6:24  SCV  
  74  6:25  Marauder  
  79  6:28  Medivac  
  81  6:36  Medivac, Barracks Tech Lab  
  81  6:37  Marine x2  
  81  6:39  Supply Depot  
  85  6:47  Marauder  
  85  6:49  Factory Reactor  
  85  6:51  Command Center  
  87  6:56  Concussive Shells  
  87  6:58  Marauder  
  87  6:59  Barracks  
  87  7:00  Marine x2, Barracks  
  90  7:05  Barracks  
  91  7:08  SCV  
  91  7:12  Medivac x2  
  95  7:19  Supply Depot  
  99  7:22  Marauder  
  99  7:23  Marauder  
  99  7:24  Terran Infantry Armor Level 1, Marine x2  
  101  7:31  Widow Mine x2  
  101  7:35  Supply Depot  
  104  7:39  Supply Depot  
  104  7:44  Marauder x2  
  108  7:45  Marine  
  108  7:46  Marine  
  108  7:50  SCV x2  
  103  8:00  Barracks Reactor  
  103  8:01  Barracks Tech Lab  
  103  8:02  SCV x2  
  103  8:05  Marauder x2  
  99  8:13  Medivac x2, Widow Mine x2  
  99  8:17  SCV x2  
  109  8:21  Marauder  
  111  8:29  SCV x2  
  111  8:31  Armory  
  111  8:33  Engineering Bay  
  113  8:40  Orbital Command  
  113  8:41  SCV x2  
  113  8:43  Marine x2  
  113  8:47  Marine x5  
  120  8:55  SCV  
  120  8:56  SCV  
  120  9:00  Marine  
  120  9:01  Marine  
  116  9:04  Marine  
  116  9:05  Marine x2  
  116  9:08  SCV x2, Marine x2  
Show
View Real Time Build Order
Export as new Build Order

HolyHit Protoss 

Build Orders: Blink Stalkers 

Get SALT Encoding   

  8  0:00  Probe (Chrono Boost)  
  9  0:12  Probe (Chrono Boost)  
  10  0:18  Probe (Chrono Boost)  
  11  0:26  Probe  
  12  0:33  Pylon  
  12  0:38  Probe  
  13  0:51  Probe  
  13  0:55  Gateway  
  14  1:03  Probe (Chrono Boost)  
  15  1:08  Assimilator  
  15  1:13  Probe (Chrono Boost)  
  16  1:18  Probe (Chrono Boost)  
  17  1:30  Probe  
  18  1:42  Probe  
  18  1:45  Cybernetics Core  
  19  1:59  Nexus  
  19  2:07  Pylon  
  19  2:09  Probe  
  20  2:19  Assimilator  
  20  2:23  Adept (Chrono Boost)  
  23  2:30  Probe  
  23  2:33  Warp Gate  
  22  2:42  Probe  
  23  2:47  Adept  
  25  2:54  Probe  
  26  3:04  Twilight Council  
  26  3:06  Probe (Chrono Boost)  
  26  3:11  Probe (Chrono Boost)  
  28  3:18  Probe (Chrono Boost)  
  29  3:20  Stalker  
  29  3:22  Probe (Chrono Boost)  
  29  3:26  Probe (Chrono Boost)  
  33  3:27  Probe (Chrono Boost)  
  33  3:32  Probe  
  35  3:37  Probe  
  36  3:43  Blink  
  36  3:44  Probe  
  37  3:49  Probe  
  37  3:50  Pylon  
  38  3:56  Probe  
  38  4:01  Probe  
  40  4:06  Gateway  
  40  4:08  Robotics Facility  
  41  4:10  Probe  
  42  4:17  Probe, Pylon  
  42  4:22  Gateway  
  42  4:25  Gateway  
  42  4:26  Probe  
  42  4:29  Probe  
  44  4:34  Pylon  
  44  4:37  Assimilator  
  44  4:39  Probe  
  45  4:52  Probe, Pylon  
  46  4:53  Probe, Warp Prism (Chrono Boost)  
  49  5:00  Stalker  
  49  5:04  Probe  
  52  5:08  Stalker  
  52  5:09  Probe  
  55  5:16  Probe  
  56  5:23  Stalker x2  
  56  5:27  Stalker  
  62  5:29  Probe  
  62  5:30  Probe  
  62  5:45  Observer  
  62  5:48  Stalker x3  
  69  5:50  Stalker, Pylon  
  69  5:56  Charge  
  71  5:57  Probe  
  71  5:58  Probe  
  67  6:11  Probe  
  67  6:13  Nexus  
  67  6:16  Stalker  
  67  6:18  Probe  
  71  6:20  Observer  
  72  6:28  Robotics Bay  
  72  6:38  Probe  
  71  6:40  Probe  
  71  6:43  Assimilator  
  71  6:46  Stalker x2  
  76  6:47  Forge  
  76  6:49  Gateway  
  76  6:50  Probe  
  76  6:52  Probe  
  78  7:02  Probe  
  78  7:04  Probe  
  74  7:10  Shield Battery  
  74  7:12  Extended Thermal Lance  
  74  7:13  Colossus (Chrono Boost)  
  73  7:17  Zealot x2  
  73  7:20  Pylon  
  79  7:24  Protoss Ground Armor Level 1 (Chrono Boost)  
  79  7:29  Zealot x2  
  83  7:34  Probe  
  84  7:40  Sentry  
  84  7:41  Zealot  
  88  7:44  Gateway  
  88  7:46  Gateway  
  88  7:54  Zealot x3  
  81  8:02  Zealot  
  81  8:03  Zealot  
  75  8:09  Probe  
  75  8:10  Probe  
  75  8:11  Probe  
  72  8:17  Sentry  
  72  8:18  Zealot x2  
  78  8:21  Probe  
  78  8:23  Probe, Colossus (Chrono Boost)  
  86  8:27  Probe  
  86  8:32  Stalker x2  
  86  8:34  Probe  
  92  8:36  Assimilator  
  92  8:37  Shield Battery  
  92  8:40  Zealot  
  92  8:41  Zealot  
  96  8:46  Zealot x2  
  100  8:54  Zealot  
  101  8:57  Zealot x2  
  83  9:04  Zealot  
  83  9:05  Zealot  
  58  9:11  Probe  
Tags
 
Add a new tag
Caveats
  • Supply blocks, unpowered buildings, or Contaminate may cause inaccurate times.
  • Supply counts are checked every 10 seconds.